 Dungeon Crawl Stone Soup version 0.18.1-5-g4a78601 (webtiles) character file.

41192 dracos369 the Slicer (level 14, -5/72 HPs)
             Began as a Vine Stalker Conjurer on May 13, 2016.
             Was a High Priest of Zin.
             Slain by a harpy (10 damage)
             ... summoned by Kirke
             ... on level 8 of the Lair of Beasts.
             The game lasted 01:53:55 (17720 turns).

dracos369 the Slicer (Vine Stalker Conjurer)       Turns: 17720, Time: 01:53:56

Health: -5/72      AC: 10    Str: 13    XL:     14   Next: 14%
Magic:  0/36       EV: 21    Int: 15    God:    Zin [*****.]
Gold:   905        SH:  0    Dex: 18    Spells: 7 memorised, 8 levels left

rFire  + . .     SeeInvis .     B - +1 rapier (elec)
rCold  . . .     Gourm    .     j - +2 leather armour {rF+}
rNeg   . . .     Faith    .     (no shield)
rPois  .         Spirit   +     S - +2 hat {MR+}
rElec  .         Dismiss  .     (no cloak)
rCorr  .         Reflect  .     R - +0 pair of gloves
SustAt .         Harm     .     k - +0 pair of boots
MR     ++...                    (no amulet)
Stlth  ++++......               r - ring of magical power
                                h - +4 ring of evasion

@: about to teleport, very slightly contaminated, very resistant to hostile
enchantments, stealthy
A: fangs 3, regeneration 3, magic shield, antimagic bite, no device heal 3, rot
immunity
a: Recite, Vitalisation, Imprison, Sanctuary, Donate Gold, Renounce Religion


You were on level 8 of the Lair of Beasts.
You worshipped Zin.
Zin was extremely pleased with you.
You were near starving.

You visited 2 branches of the dungeon, and saw 20 of its levels.

You collected 1089 gold pieces.
You spent 84 gold pieces at shops.
You donated 100 gold pieces to Zin.

Inventory:

Hand Weapons
 B - a +1 rapier of electrocution (weapon)
Missiles
 a - 5 tomahawks (quivered)
 b - 2 throwing nets
Armour
 j - a +2 leather armour of fire resistance (worn)
 k - a +0 pair of boots (worn)
 R - a +0 pair of gloves (worn)
 S - a +2 hat of magic resistance (worn)
Rods
 n - a +2 rod of inaccuracy (9/9)
   (You found it on level 8 of the Lair of Beasts)
Jewellery
 h - a +4 ring of evasion (left hand)
 r - a ring of magical power (right hand)
 t - an uncursed ring of wizardry
 H - an uncursed ring of flight
 Q - an uncursed ring of resist corrosion
Wands
 g - a wand of flame (25/48)
 v - a wand of heal wounds (4/9)
 A - a wand of slowing (19/48)
 C - a wand of slowing (17/48)
 E - a wand of digging (17/24)
 P - a wand of flame (7/48)
 U - a wand of iceblast (1/15)
 W - a wand of teleportation (3/9)
 X - a wand of disintegration (8/24)
 Z - a wand of iceblast (9/15)
Scrolls
 e - 5 scrolls of amnesia
 f - a scroll of magic mapping
 o - 4 scrolls of noise
 p - 2 scrolls of remove curse
 q - 2 scrolls of teleportation
 u - a scroll of recharging
 y - a scroll of summoning {unknown}
 G - 3 scrolls of enchant weapon {unknown}
 J - a scroll of torment {unknown}
 N - 2 scrolls of enchant armour {unknown}
Potions
 d - 2 potions of cure mutation
 i - a potion of beneficial mutation {unknown}
 l - 2 potions of brilliance
 w - a potion of agility
 D - 5 potions of berserk rage
 F - a potion of magic
 I - a potion of curing
 L - 3 potions of haste
 M - 2 potions of resistance
 O - a potion of might
Books
 z - a book of Ice

   Spells                             Type                      Level
   a - Ice Form                       Ice/Transmutation            4
   b - Metabolic Englaciation         Hexes/Ice                    5
   c - Ozocubu's Refrigeration        Ice                          6
   d - Bolt of Cold                   Conjuration/Ice              6
   e - Freezing Cloud                 Conjuration/Ice/Air          6
   f - Simulacrum                     Ice/Necromancy               6
 V - a book of Geomancy

   Spells                             Type                      Level
   a - Sandblast                      Earth                        1
   b - Passwall                       Transmutation/Earth          2
   c - Stone Arrow                    Conjuration/Earth            3
   d - Petrify                        Transmutation/Earth          4
   e - Lee's Rapid Deconstruction     Earth                        5
Miscellaneous
 Y - a sack of spiders
Comestibles
 c - 11 bread rations
 m - 21 fruits
 s - 14 meat rations
 x - a beef jerky
 K - 3 chunks of flesh


   Skills:
 + Level 7.4 Fighting
 * Level 10.4 Short Blades
 - Level 5.0 Armour
 + Level 7.7 Dodging
 + Level 8.7 Stealth
 - Level 8.0 Spellcasting
 + Level 8.8 Conjurations
 - Level 5.0 Hexes
 - Level 2.0 Fire Magic
 + Level 9.8 Invocations


You had 8 spell levels left.
You knew the following spells:

 Your Spells              Type           Power        Failure   Level  Hunger
a - Magic Dart            Conj           ####         1%          1    None
b - Searing Ray           Conj           ####..       1%          2    None
c - Conjure Flame         Conj/Fire      ###.....     6%          3    ##.....
d - Iskenderun's Mystic   Conj           ####....     4%          4    ####...
e - Sticky Flame          Conj/Fire      ###.....     21%         4    ####...
f - Fulminant Prism       Conj/Hex       ####......   12%         4    ####...
z - Dazzling Spray        Conj/Hex       ####....     2%          3    ##.....


Dungeon Overview and Level Annotations

Branches:
Dungeon (12/15)            Temple (0/1) D:5            Lair (8/8) D:11
 Shoals (0/4) Lair:4       Spider (0/4) Lair:4        Slime (0/6) Lair:7
    Orc: D:9-12

Altars:
Fedhas
Kikubaaqudgha
Makhleb
Nemelex Xobeh
Pakellas
Trog
Vehumet
Zin
The Shining One

Shops:
D:4 ?   D:5 [   D:8 !

Portals:
Trove: D:10 (give horn of Geryon)

Annotations:
D:11 dracos369's ghost, journeyman MfSk
Lair:8 Kirke


Innate Abilities, Weirdness & Mutations

You have razor-sharp teeth.
You regenerate.
When hurt, damage is shared between your health and your magic reserves.
Your bite disrupts and absorbs the magic of your enemies.
Potions and wands cannot restore your health.
You are immune to rotting.


Message History

The harpy completely misses you. The harpy claws you but does no damage.
You hit the harpy but do no damage. Your bite misses the harpy.
The harpy misses you. The harpy completely misses you.
The harpy barely misses you. x2
You puncture the harpy! You bite the harpy! You drain her power.
The harpy is severely wounded.
The harpy claws you!
* * * LOW HITPOINT WARNING * * *
The harpy misses you. The harpy claws you!
* * * LOW HITPOINT WARNING * * *
The harpy claws you.
* * * LOW HITPOINT WARNING * * *
Drink which item? (? for menu, Esc to quit)
Okay, then.
Read which item? (? for menu, Esc to quit)
As you read the scroll of teleportation, it crumbles to dust.
You feel strangely unstable. The harpy claws you. Zin protects you from harm!
The harpy completely misses you. The harpy claws you!
You die...

P...#..###...###.#..........#....
..##...##....# ###.......†...$.$.
####.!##.....# ###...............
.#.P........## #P................
.............# #..........#......
............#####........####....
.............#.#..........# ...
.....<........#H#{........#####..
................@H......PP..#....
..........P.....H................
.........PP......................
.....##..PP.P............PP..#...
.......##PPP.............P#.#....
##....# #.PP.............#####...
#.....# ##...............# ##...
.#....####P..............# ##....
#.........P..............###.#...


You could see 3 harpies.

Vanquished Creatures
  Gastronok (D:8)
  Maud (Lair:6)
  Nessos (Lair:6)
  Fannar (D:10)
  4 hydras
  Erica (D:11)
  The ghost of imganon the Cleaver, a novice DsBe of Trog (D:8)
  A fire crab (Lair:7)
  A hill giant (D:10)
  A lindwurm (Lair:3)
  A griffon (Lair:6)
  An orb spider (Lair:4)
  An oklob plant (Lair:4)
  2 black mambas
  6 elephants
  8 spiny frogs
  A gargoyle (D:10)
  Joseph (D:7)
  2 rime drakes
  4 komodo dragons
  A troll (D:9)
  5 polar bears
  A two-headed ogre (D:11)
  Grinder (D:4)
  A slime creature (D:11)
  A boulder beetle (Lair:7)
  19 blink frogs
  Sigmund (D:5)
  A shadow (D:11)
  36 yaks
  A wyvern (D:11)
  2 basilisks
  5 hippogriffs
  4 hogs (Lair:8)
  Edmund (D:6)
  A mottled dragon (D:11)
  2 wargs
  16 water moccasins
  3 orc warriors
  10 porcupines
  4 sky beasts
  A phantom (D:8)
  4 black bears
  2 wasps
  4 ogres
  A necrophage (D:9)
  4 wolves (Lair:3)
  The ghost of hawthorn the Grave Robber, an amateur NaNe (D:3)
  3 centaurs
  13 crocodiles
  14 giant frogs
  A big kobold (D:7)
  9 scorpions
  9 killer bees
  2 electric eels (Lair:2)
  A howler monkey (D:4)
  5 crimson imps
  7 jellies
  A quasit (D:10)
  A hound (D:10)
  An iron imp (D:5)
  8 orc priests
  A giant frog skeleton (D:5)
  A gnoll shaman (D:5)
  5 orc wizards
  A centaur skeleton (D:11)
  5 iguanas
  Jessica (D:2)
  Terence (D:2)
  9 worker ants
  22 sheep
  A hound zombie (D:9)
  Robin (D:2)
  A hound skeleton (D:9)
  2 worker ant zombies (D:5)
  19 gnolls
  43 river rats
  9 adders
  4 shadow imps
  5 oozes
  2 adder zombies (D:7)
  An adder skeleton (D:4)
  3 worms
  2 dart slugs
  9 giant geckos
  17 orcs
  A ball python (D:1)
  10 bats
  8 giant cockroaches
  16 goblins
  13 hobgoblins
  5 jackals
  13 kobolds
  2 quokkas
  5 giant newts
  A goblin skeleton (D:5)
  2 goblin zombies (D:5)
  2 hobgoblin zombies (D:5)
  A kobold skeleton (D:5)
  2 kobold zombies (D:5)
  10 rats
504 creatures vanquished.

Vanquished Creatures (others)
  A polar bear (Lair:6)
  2 yaks (Lair:7)
  A giant frog (Lair:7)
  5 sheep (Lair:7)
  44 fulminant prisms
  8 fungi
  3 plants
64 creatures vanquished.

Grand Total: 568 creatures vanquished

Notes
Turn   | Place    | Note
--------------------------------------------------------------
     0 | D:1      | dracos369 the Vine Stalker Conjurer began the quest for the Orb.
     0 | D:1      | Reached XP level 1. HP: 9/9 MP: 4/4
   123 | D:1      | Reached XP level 2. HP: 10/13 MP: 3/6
   192 | D:1      | Learned a level 2 spell: Searing Ray
   750 | D:1      | Reached XP level 3. HP: 16/16 MP: 8/8
  1011 | D:2      | Reached XP level 4. HP: 15/21 MP: 7/10
  1125 | D:2      | Reached skill level 5 in Conjurations
  1209 | D:2      | Learned a level 3 spell: Dazzling Spray
  1227 | D:2      | Noticed Jessica
  1245 | D:2      | Killed Jessica
  1248 | D:2      | Reached skill level 1 in Hexes
  1327 | D:2      | Reached XP level 5. HP: 24/24 MP: 11/11
  1626 | D:3      | Noticed Terence
  1626 | D:3      | Noticed Robin
  1638 | D:2      | Killed Robin
  1762 | D:2      | Killed Terence
  1874 | D:3      | Noticed hawthorn's ghost (amateur NaNe)
  2041 | D:4      | Learned a level 4 spell: Iskenderun's Mystic Blast
  2077 | D:4      | Gained mutation: You heal very quickly. [Vine Stalker growth]
  2077 | D:4      | Reached XP level 6. HP: 28/28 MP: 9/13
  2222 | D:4      | Found Kyump's Magic Scroll Emporium.
  2227 | D:4      | Bought a scroll of fear for 45 gold pieces
  2227 | D:4      | Bought a scroll of teleportation for 39 gold pieces
  2285 | D:4      | Found a radiant altar of Vehumet.
  2288 | D:4      | Reached skill level 1 in Armour
  2349 | D:4      | Reached XP level 7. HP: 32/32 MP: 14/14
  2527 | D:4      | Noticed Grinder
  2531 | D:4      | Paralysed by Grinder for 5 turns
  2541 | D:4      | Killed Grinder
  2541 | D:4      | Gained mutation: You have razor-sharp teeth. [Vine Stalker growth]
  2541 | D:4      | Reached XP level 8. HP: 29/36 MP: 8/16
  2560 | D:4      | Reached skill level 5 in Spellcasting
  2811 | D:5      | Entered Level 5 of the Dungeon
  2918 | D:5      | Noticed Sigmund
  3139 | D:3      | Learned a level 4 spell: Fulminant Prism
  3343 | D:3      | Found a glowing silver altar of Zin.
  3343 | D:3      | Found an ancient bone altar of Kikubaaqudgha.
  3361 | D:3      | Killed hawthorn's ghost
  3362 | D:3      | Found an oddly glowing altar of Pakellas.
  3368 | D:3      | Became a worshipper of Zin the Law-Giver
  3642 | D:5      | Reached * piety under Zin
  3668 | D:5      | Found a glowing golden altar of the Shining One.
  3716 | D:5      | Found Zatah's Armour Shop.
  3748 | D:5      | Found a staircase to the Ecumenical Temple.
  3920 | D:5      | Reached skill level 1 in Invocations
  3988 | D:6      | Noticed Edmund
  4003 | D:6      | Killed Edmund
  4003 | D:6      | Reached skill level 1 in Fighting
  4074 | D:6      | Reached XP level 9. HP: 27/41 MP: 11/18
  4162 | D:6      | Found a sparkling altar of Nemelex Xobeh.
  4253 | D:6      | Reached skill level 1 in Short Blades
  4475 | D:6      | Found a blossoming altar of Fedhas.
  4740 | D:7      | Reached ** piety under Zin
  4995 | D:7      | Noticed Joseph
  5002 | D:7      | HP: 2/42 [Joseph/sling bullet (13)]
  5012 | D:7      | Reached skill level 2 in Short Blades
  5012 | D:7      | HP: 1/42 [Joseph/sling bullet (6)]
  5018 | D:7      | Killed Joseph
  5018 | D:7      | Reached skill level 5 in Hexes
  5129 | D:7      | Found a bloodstained altar of Trog.
  5648 | D:8      | HP: 2/43 [killer bee (2)]
  5664 | D:7      | HP: 2/43 [killer bee (1)]
  5749 | D:7      | Reached skill level 3 in Short Blades
  5749 | D:7      | Reached XP level 10. HP: 47/47 MP: 20/20
  5912 | D:8      | Noticed imganon's ghost (novice DsBe)
  6802 | D:9      | Reached *** piety under Zin
  6846 | D:9      | Reached skill level 4 in Short Blades
  6892 | D:9      | Found a burning altar of Makhleb.
  7140 | D:5      | Found a glowing golden altar of the Shining One.
  7224 | D:5      | Killed Sigmund
  7327 | D:10     | Entered Level 10 of the Dungeon
  7359 | D:10     | Noticed Fannar
  7377 | D:10     | HP: 2/49 [yak (2)]
  7383 | D:10     | Killed Fannar
  7383 | D:10     | Reached skill level 5 in Invocations
  7827 | D:10     | Found a portal to a secret trove of treasure.
  8032 | D:10     | Reached skill level 5 in Short Blades
  8201 | D:10     | Noticed a hill giant
  8214 | D:10     | Killed a hill giant
  8214 | D:10     | Reached skill level 5 in Dodging
  8214 | D:10     | Reached XP level 11. HP: 18/53 MP: 15/22
  8429 | D:11     | Noticed Erica
  8442 | D:11     | Killed Erica
  8750 | D:11     | Noticed a four-headed hydra
  8760 | D:11     | Killed a four-headed hydra
  8888 | D:11     | Reached skill level 6 in Short Blades
  8929 | D:11     | Learned a level 3 spell: Conjure Flame
  8934 | D:11     | Learned a level 4 spell: Sticky Flame
  9040 | D:11     | Noticed dracos369's ghost (journeyman MfSk)
  9126 | D:8      | Killed imganon's ghost
  9331 | D:8      | Noticed Gastronok
  9360 | D:8      | Killed Gastronok
  9360 | D:8      | Reached skill level 5 in Fighting
  9360 | D:8      | Reached skill level 1 in Fire Magic
  9437 | D:8      | Found Joej's Distillery.
  9492 | D:8      | Reached **** piety under Zin
  9646 | D:12     | Noticed a purple ugly thing
  9784 | D:11     | Found a staircase to the Lair.
  9797 | Lair:1   | Entered Level 1 of the Lair of Beasts
 10102 | Lair:1   | Gained mutation: You regenerate. [Vine Stalker growth]
 10102 | Lair:1   | Reached XP level 12. HP: 55/60 MP: 24/24
 10678 | Lair:1   | Reached skill level 7 in Short Blades
 10830 | Lair:2   | Reached ***** piety under Zin
 12079 | Lair:3   | Reached skill level 8 in Short Blades
 12079 | Lair:3   | Reached skill level 5 in Stealth
 12236 | Lair:3   | HP: 2/60 [black mamba (9)]
 12388 | Lair:3   | HP: 2/60 [komodo dragon (15)]
 12404 | Lair:3   | Reached skill level 5 in Armour
 12718 | Lair:3   | Noticed a six-headed hydra
 12743 | Lair:3   | Killed a six-headed hydra
 12743 | Lair:3   | Reached XP level 13. HP: 43/65 MP: 4/26
 13370 | Lair:4   | Found a sparkling altar of Nemelex Xobeh.
 13460 | Lair:4   | Reached skill level 9 in Short Blades
 13466 | Lair:4   | HP: 2/65 [elephant (13)]
 13499 | Lair:4   | Found a staircase to the Shoals.
 14694 | Lair:6   | Noticed Nessos
 14719 | Lair:6   | Killed Nessos
 14846 | Lair:6   | Noticed Maud
 14867 | Lair:6   | Killed Maud
 15322 | Lair:4   | Found a hole to the Spider Nest.
 16255 | Lair:7   | Reached skill level 10 in Short Blades
 16430 | Lair:7   | Found a staircase to the Slime Pits.
 16989 | Lair:7   | Reached XP level 14. HP: 72/72 MP: 27/27
 17143 | Lair:8   | Entered Level 8 of the Lair of Beasts
 17679 | Lair:8   | Noticed Kirke
 17720 | Lair:8   | Zin protects you from harm!
 17720 | Lair:8   | Slain by a harpy

Skill      XL: |  1  2  3  4  5  6  7  8  9 10 11 12 13 |
---------------+----------------------------------------+-----
Spellcasting   | 3 4 5 6 7 8 |  8.0
Conjurations   | 5 6 7 8 |  8.8
Hexes          | 1 2 3 4 5 |  5.0
Stealth        | 3 6 8 |  8.7
Armour         | 1 2 3 4 5 |  5.0
Dodging        | 2 3 4 5 6 7 |  7.7
Invocations    | 1 3 5 7 8 9 |  9.8
Fighting       | 1 2 4 5 6 7 |  7.4
Short Blades   | 3 5 6 8 10 | 10.4
Fire Magic     | 2 |  2.0

Action                   |  1- 3 |  4- 6 |  7- 9 | 10-12 | 13-15 || total
-------------------------+-------+-------+-------+-------+-------++-------
Melee: Short sword       |    61 |    40 |       |       |       ||   101
       Bite              |    11 |    29 |    87 |   199 |   196 ||   522
       Trident           |       |    62 |   185 |       |       ||   247
       Whip              |       |    22 |       |       |       ||    22
       Double sword      |       |       |    91 |       |       ||    91
       Rapier            |       |       |    42 |   587 |   570 ||  1199
Throw: Throwing net      |       |       |     1 |     2 |     2 ||     5
       Tomahawk          |       |       |       |     4 |    12 ||    16
 Cast: Magic Dart        |    13 |    11 |    32 |    21 |     8 ||    85
       Searing Ray       |     2 |     6 |     5 |     2 |       ||    15
       Iskenderun's Myst |       |       |     3 |    40 |     5 ||    48
       Fulminant Prism   |       |       |     3 |    27 |    14 ||    44
       Dazzling Spray    |       |       |       |     3 |    15 ||    18
       Conjure Flame     |       |       |       |    12 |     9 ||    21
       Sticky Flame      |       |       |       |    11 |    19 ||    30
Invok: Vitalisation      |       |       |     2 |     8 |       ||    10
       Recite            |       |       |     1 |     1 |       ||     2
 Abil: Evoke Flight      |       |       |       |       |     1 ||     1
Evoke: Wand              |       |       |       |     3 |       ||     3
  Use: Scroll            |       |     7 |     8 |    10 |    10 ||    35
       Potion            |       |     1 |     3 |     4 |     1 ||     9
 Stab: Sleeping          |     5 |     5 |    11 |    12 |    13 ||    46
       Distracted        |       |       |     1 |     1 |     3 ||     5
       Invisible         |       |       |       |     4 |     1 ||     5
       Held in net/web   |       |       |       |     1 |       ||     1
  Eat: Chunk             |       |     5 |    13 |    21 |    20 ||    59
       Pizza             |       |       |       |     3 |     1 ||     4
       Royal jelly       |       |       |       |     2 |       ||     2
       Bread ration      |       |       |       |     1 |       ||     1
       Beef jerky        |       |       |       |       |     1 ||     1
Armor: Robe              |     7 |    47 |       |       |       ||    54
       Leather armour    |       |     6 |   121 |   108 |   115 ||   350
Dodge: Dodged            |    35 |   133 |   296 |   536 |   526 ||  1526
